 Dungeon Crawl Stone Soup version 0.24.0-13-gcf9b3192b9 (webtiles) character file.

Game seed: 16955894222763073617, levelgen mode: deterministic

1611 Acheron the Charmwright (level 8, -5/45 HPs)
             Began as a Deep Elf Skald on Nov 9, 2019.
             Shot with a sling bullet by Joseph (11 damage)
             ... on level 7 of the Dungeon.
             The game lasted 01:00:30 (8611 turns).

Acheron the Charmwright (Deep Elf Skald)            Turns: 8611, Time: 01:00:31

Health: -5/45      AC:  7    Str:  9    XL:     8   Next: 63%
Magic:  14/19      EV: 12    Int: 20    God:
Gold:   293        SH:  0    Dex: 14    Spells: 6/19 levels left

rFire    . . .     SeeInvis .   k - +0 falchion (holy)
rCold    . . .     Gourm    .   (no shield)
rNeg     . . .     Faith    .   i - +0 ring mail
rPois    .         Spirit   .   l - +0 helmet
rElec    .         Reflect  .   (no cloak)
rCorr    .         Harm     .   (no gloves)
MR       .....                  g - +0 pair of boots
Stlth    ++........             (no amulet)
HPRegen  0.15/turn              (no ring)
MPRegen  0.16/turn              (no ring)

@: about to teleport, infused (expiring)
A: no striking features
a: no special abilities


You were on level 7 of the Dungeon.
You were not hungry.

You visited 1 branch of the dungeon, and saw 8 of its levels.

You collected 321 gold pieces.
You spent 28 gold pieces at shops.

Inventory:

Hand Weapons
 a - a +3 dagger
 k - a +0 falchion of holy wrath (weapon)
 w - a +0 war axe
 E - a cursed +0 morningstar of draining
Missiles
 h - 56 stones (quivered)
 r - 2 poisoned darts
 t - 5 boomerangs
Armour
 g - a +0 pair of boots (worn)
 i - a +0 ring mail (worn)
 l - a +0 helmet (worn)
 o - a +0 scale mail
 D - a +2 robe of magic resistance
 H - the +2 scale mail of the Other World {MP+9}
   (You found it on level 7 of the Dungeon)

   It affects your magic capacity (+9).
Jewellery
 y - an uncursed ring of magical power {unknown}
Wands
 b - a wand of iceblast (1)
 n - a wand of acid (6)
Scrolls
 p - a scroll of teleportation
 q - 3 scrolls of identify
 u - 2 scrolls of remove curse
 v - a scroll of fog
 A - a scroll of fear
 C - 4 scrolls of immolation
 G - a scroll of magic mapping
Potions
 c - 2 potions of brilliance
 e - 3 potions of curing
 f - a potion of haste {unknown}
 j - 3 potions of lignification
 m - 2 potions of heal wounds
 s - a potion of flight {unknown}
 x - a potion of might {unknown}
 z - a potion of berserk rage
 B - a potion of degeneration {unknown}
Comestibles
 d - 8 rations


   Skills:
 * Level 2.9 Fighting
 * Level 4.2 Long Blades
 * Level 2.2 Throwing
 * Level 2.5 Armour
 * Level 4.3 Dodging
 * Level 3.6 Stealth
 * Level 6.0 Spellcasting
 * Level 3.4 Hexes
 * Level 7.0 Charms
 * Level 3.0 Translocations
 * Level 2.6 Evocations


You had 6 spell levels left.
You knew the following spells:

 Your Spells              Type           Power        Failure   Level  Hunger
a - Infusion              Chrm           ####         1%          1    None
b - Shroud of Golubria    Chrm/Tloc      ####..       5%          2    None
c - Confusing Touch       Hex            ###...       7%          1    None
d - Spectral Weapon       Hex/Chrm       ####....     10%         3    ##.....
e - Regeneration          Chrm/Necr      ###.......   21%         3    ##.....
f - Apportation           Tloc           ###...       9%          1    None
s - Song of Slaying       Chrm           ####....     2%          2    None

Your spell library contained the following spells:

 Spells                   Type           Power        Failure   Level  Hunger
 Animate Skeleton         Necr           N/A          28%         1    None
 Summon Small Mammal      Summ           #...         28%         1    None
 Corpse Rot               Necr           N/A          38%         2    None
 Sublimation of Blood     Necr           #.........   38%         2    None
 Excruciating Wounds      Chrm/Necr      ###.......   88%         5    #####..
 Agony                    Necr           #.......     100%        5    #####..
 Bolt of Draining         Conj/Necr      #.........   100%        5    #####..
 Dispel Undead            Necr           #.......     100%        5    #####..


Dungeon Overview and Level Annotations

Branches:
Dungeon (8/15)             Temple (0/1) D:7
   Lair: D:8-11

Altars:
Dithmenos
Nemelex Xobeh

Shops:
D:5 [*

Annotations:
D:7 Joseph


Message History

The killer bee barely misses you.
The killer bee stings you but does no damage.
Things that are here:
a +0 shortbow; 10 arrows; a centaur corpse The killer bee closely misses you.
There is a stone staircase leading up here.
Your magical infusion is running out.
You climb upwards.
Level annotation: Joseph Joseph unwields a +0 quarterstaff.
Joseph wields a cursed -1 hunting sling.
Joseph shoots a sling bullet.
The sling bullet hits you!
* * * LOW HITPOINT WARNING * * *
There is a stone staircase leading down, spattered with blood here.
You see here a sling bullet.
The killer bee barely misses you.
As you read the scroll of teleportation, it crumbles to dust.
You feel strangely unstable. The killer bee completely misses you.
Joseph shoots a sling bullet.
The sling bullet hits you!
You die...

######## #...<..#
##.####.##########
#.....#.#........#
#..##.#.#........#
#.@#.............#*
#.y..............+,
#....@..#........#*
##.####..........#
#.####.####...####
#.......<.....'...
######.#.....)####
#.#........,*
******#.#...##.).,*


You could see Joseph and a killer bee.

Vanquished Creatures
  Menkaure (D:7)
  2 sky beasts
  An ogre (D:6)
  3 centaurs
  2 bullfrogs
  2 scorpions (D:6)
  3 wights (D:6)
  4 howler monkeys
  2 crimson imps (D:5)
  An orc priest (D:4)
  A hound (D:4)
  A jelly (D:5)
  3 worker ants (D:4)
  A howler monkey zombie (D:5)
  6 gnolls
  6 adders
  2 adder skeletons (D:4)
  6 worms
  2 dart slugs
  7 leopard geckos
  12 orcs
  A giant cockroach (D:4)
  7 goblins
  3 hobgoblins
  5 jackals
  5 kobolds
  5 quokkas
  A ball python (D:2)
  6 bats
  8 frilled lizards
  A leopard gecko skeleton (D:4)
  A leopard gecko zombie (D:6)
  A quokka zombie (D:7)
  6 rats
118 creatures vanquished.

Notes
Turn   | Place    | Note
-------+----------+-------------------------------------------
     0 | D:1      | Acheron the Deep Elf Skald began the quest for the Orb.
     0 | D:1      | Reached XP level 1. HP: 12/12 MP: 6/6
   478 | D:2      | Reached XP level 2. HP: 16/16 MP: 2/8
   485 | D:1      | Learned a level 2 spell: Shroud of Golubria
   488 | D:1      | Learned a level 2 spell: Song of Slaying
   676 | D:1      | Reached skill level 1 in Armour
  1516 | D:2      | Found a shadowy altar of Dithmenos.
  1543 | D:2      | Reached skill level 1 in Translocations
  1737 | D:2      | Reached XP level 3. HP: 17/20 MP: 3/9
  1743 | D:2      | Reached skill level 1 in Stealth
  1822 | D:2      | Learned a level 3 spell: Spectral Weapon
  2482 | D:3      | Reached skill level 5 in Charms
  2832 | D:3      | Reached XP level 4. HP: 23/26 MP: 4/11
  3122 | D:3      | Learned a level 1 spell: Apportation
  3124 | D:3      | Learned a level 1 spell: Confusing Touch
  4012 | D:3      | Reached XP level 5. HP: 23/30 MP: 5/12
  4124 | D:4      | Reached skill level 1 in Hexes
  4225 | D:5      | Entered Level 5 of the Dungeon
  4866 | D:4      | Reached skill level 1 in Evocations
  4872 | D:4      | HP: 1/30 [acid (10)]
  5015 | D:4      | Reached XP level 6. HP: 13/35 MP: 7/14
  5209 | D:4      | Found a sparkling altar of Nemelex Xobeh.
  5651 | D:5      | Found Zodin's General Store.
  5659 | D:5      | Bought a scroll of identify for 28 gold pieces
  5785 | D:5      | Found Muxod's Antique Armour Boutique.
  5917 | D:6      | Noticed an orc warrior
  6968 | D:5      | Reached skill level 1 in Throwing
  6968 | D:5      | Reached XP level 7. HP: 40/40 MP: 16/16
  7224 | D:6      | Reached skill level 6 in Charms
  7250 | D:6      | Reached skill level 5 in Spellcasting
  7670 | D:5      | Learned a level 3 spell: Regeneration
  7816 | D:6      | Reached XP level 8. HP: 45/45 MP: 12/18
  8066 | D:7      | Noticed Menkaure
  8078 | D:7      | Killed Menkaure
  8081 | D:7      | Got a shimmering scale mail
  8082 | D:7      | Identified the +2 scale mail of the Other World {MP+9} (You
                  | found it on level 7 of the Dungeon)
  8558 | D:7      | Noticed Joseph
  8605 | D:8      | Reached skill level 7 in Charms
  8611 | D:7      | Shot with a sling bullet by Joseph

Levels and vault maps discovered:
D:1:      lightli_arrival_flooded_house, layout_basic
D:2:      layout_basic, nicolae_dithmenos_shadow_blocks
D:3:      layout_loops_ring
D:4:      kennysheep_six_static_rooms, layout_cave_pools,
          nemelex_xobeh_ov_fountains_minmay
D:5:      layout_cave_pods, first_ration, serial_shops, shop, shop
D:6:      layout_cave_pools, uniq_edmund
D:7:      layout_basic, minmay_temple_entry_wispy, serial_shops, shop,
          uniq_joseph, uniq_menkaure
D:8:      layout_loops_ring, grunt_ogre_cave, uniq_pikel

Skill      XL: |  1  2  3  4  5  6  7  8 |
---------------+-------------------------+-----
Armour         | 1 2 |  2.5
Translocations | 1 2 3 |  3.0
Stealth        | 1 2 3 |  3.6
Charms         | 5 6 7 |  7.0
Long Blades    | 2 3 4 |  4.2
Dodging        | 3 4 |  4.3
Hexes          | 1 2 3 |  3.4
Spellcasting   | 4 5 6 |  6.0
Fighting       | 2 |  2.9
Evocations     | 1 2 |  2.6
Throwing       | 1 2 |  2.2

Action                   |  1- 3 |  4- 6 |  7- 9 || total
-------------------------+-------+-------+-------++-------
Melee: Falchion          |    90 |   261 |   107 ||   458
Throw: Stone             |       |    10 |       ||    10
 Cast: Infusion          |    28 |    44 |    19 ||    91
       Shroud of Golubri |    17 |    31 |    17 ||    65
       Song of Slaying   |       |     1 |       ||     1
       Confusing Touch   |       |       |     1 ||     1
       Spectral Weapon   |       |       |     1 ||     1
Evoke: Wand              |       |     2 |     1 ||     3
  Use: Scroll            |       |     9 |     4 ||    13
 Stab: Sleeping          |     2 |       |       ||     2
       Confused          |       |       |     2 ||     2
  Eat: Chunk             |     7 |     6 |       ||    13
       Ration            |       |     3 |     1 ||     4
Armor: Leather armour    |    11 |       |       ||    11
       Ring mail         |    20 |   108 |    49 ||   177
Dodge: Dodged            |    60 |   174 |    89 ||   323
       Rpst.: Falchion   |    21 |    54 |    36 ||   111
